 Dungeon Sprint DCSS version 0.30-a0-1155-gf8af5b4991 (webtiles) character file.

Game seed: 2739750851794553000

32337 Jewman the Severer (level 13, -10/120 HPs)
             Began as a Demonspawn Fighter on Apr 24, 2023.
             Was the Champion of Cheibriados.
             Mangled by an emperor scorpion (16 damage)
             ... in the Dungeon (Sprint IX: "|||||||||||||||||||||||||||||").
             The game lasted 00:10:31 (2776 turns).

Jewman the Severer (Demonspawn Fighter)             Turns: 2776, Time: 00:10:32

Health: -10/120    AC: 32    Str: 37    XL:     13   Next: 30%
Magic:  13/13      EV: 17    Int: 24    God:    Cheibriados [******]
Gold:   1838       SH:  9    Dex: 28    Spells: 12/12 levels left

rFire   . . .        l - +9 war axe (elec)
rCold   + . .        c - +0 buckler
rNeg    . . .        B - +2 plate armour
rPois   .            (helmet restricted)
rElec   .            w - +2 cloak
rCorr   .            m - +2 pair of gloves
SInv    .            (no boots)
Will    .....        (no amulet) Stlth
                     v - ring of protection from cold
HPRegen 0.40/turn    q - +2 ring of protection
MPRegen 0.13/turn

%: no teleportation, clarity
@: corroded, sanguine armoured, very slow
A: hooves 1, demonic guardian 2, spiny 3, sanguine armour 2, antennae 1,
clarity, mutation resistance 1
a: Renounce Religion, Bend Time, Temporal Distortion, Slouch, Step From Time


You were in the Dungeon.
You worshipped Cheibriados.
Cheibriados was exalted by your worship.
You visited 1 branch You collected 1942 gold pieces.
You spent 104 gold pieces at shops.

Inventory:

Hand Weapons
 a - a +0 flail
 l - a +9 war axe of electrocution (weapon)
Armour
 c - a +0 buckler (worn)
 m - a +2 pair of gloves (worn)
 w - a +2 cloak (worn)
 B - a +2 plate armour (worn)
Jewellery
 f - a +6 ring of intelligence
 p - a +3 ring of strength
 q - a +2 ring of protection (right hand)
 t - a ring of ice
 v - a ring of protection from cold (left hand)
 x - a ring of ice
 y - a ring of fire
Wands
 k - a wand of roots (10)
 u - a wand of flame (17)
Scrolls
 g - 2 scrolls of amnesia
 j - 4 scrolls of blinking
 o - a scroll of fog
 r - 2 scrolls of fear
 s - a scroll of identify
Potions
 b - a potion of resistance
 e - 6 potions of curing
 h - 4 potions of magic


   Skills:
 + Level 17.2 Fighting
 + Level 18.8(19.8) Axes
 + Level 10.9(16.1) Maces & Flails
 + Level 13.5 Armour
 + Level 10.0 Dodging
 + Level 12.9 Shields


You had 12 spell levels left.
You didn't know any spells.
Your spell library was empty.

Dungeon Overview and Level Annotations

Branches:
Dungeon (1/1)

Altars:
Cheibriados
Dithmenos
Fedhas
Gozag
Hepliaklqana
Kikubaaqudgha
Makhleb
Nemelex Xobeh
Okawaru
Qazlal
Ru
Sif Muna
Trog
Uskayaw
Vehumet
Wu Jian
Xom
Yredelemnul
Jiyva
Lugonu

Shops:
D !(?!


Innate Abilities, Weirdness & Mutations

You have large cloven feet.
A demonic guardian rushes to your aid.
You are completely covered in sharp spines.
When seriously injured, your blood forms thick armour. (AC +9)
You have a pair of small antennae on your head.
You possess an exceptional clarity of mind.
You are somewhat resistant to further mutation.


Message History

The emperor scorpion is moderately wounded.
The jumping spider leaps!
You hit the emperor scorpion.
The emperor scorpion is moderately wounded.
The meliai calls down the wrath of its god upon you.
Something smites you!
* * * LOW HITPOINT WARNING * * *
You block the emperor scorpion's attack.
The emperor scorpion barely misses you.
The emperor scorpion claws you but does no damage.
A steelbarb worm comes into view.
You hit the emperor scorpion but do no damage.
Lightning courses through the emperor scorpion!
You kick the emperor scorpion, but do no damage.
The emperor scorpion is heavily wounded.
The emperor scorpion is struck by your spines.
The emperor scorpion barely misses you.
You block the emperor scorpion's attack.
The emperor scorpion claws you but does no damage.
You slash the emperor scorpion!
The emperor scorpion is severely wounded.
You barely miss the spark wasp. The spark wasp barely misses you.
The emperor scorpion stings you but does no damage.
The emperor scorpion claws you but does no damage. x2
You hit the emperor scorpion but do no damage.
Your kick misses the emperor scorpion.
The emperor scorpion is severely wounded.
You barely miss the spark wasp. You block the spark wasp's attack.
You block the emperor scorpion's attack.
The emperor scorpion claws you but does no damage.
The emperor scorpion barely misses you.
You hit the emperor scorpion but do no damage.
You kick the emperor scorpion, but do no damage.
The emperor scorpion is severely wounded.
You hit the spark wasp. The spark wasp stings you!
* * * LOW HITPOINT WARNING * * *
A demonic guardian appears!
The spark wasp shocks you!
* * * LOW HITPOINT WARNING * * *
The emperor scorpion stings you!
You die... {{{{{{{{ ▓▓▓▓▓▓▓♣♣♣♣♣♣♣♣♣♣▓▓▓▓▓▓▓ .÷.....††.....3y@ssBsysw {{ {{{{{

▓▓▓▓▓▓▓♣♣♣♣♣♣♣♣♣♣▓▓▓▓▓▓▓▓▓▓▓▓▓▓▓▓
.................................
▓▓▓▓▓▓▓▓▓▓▓▓▓▓▓▓▓▓▓▓▓▓▓▓▓▓▓▓▓▓▓▓▓
))))).[[[[[[[[........[.')))))...
▓▓▓▓▓▓▓▓▓▓▓▓▓▓▓▓▓▓▓▓▓▓▓▓▓▓▓▓▓▓▓▓▓
............†)...................
▓▓▓▓▓▓▓▓▓▓▓▓▓▓▓▓▓▓▓▓▓▓▓▓▓▓▓▓▓▓▓▓▓
)))......)))))))......')))))∩)∩.∩


You could see an emperor scorpion, an entropy weaver, a steelbarb worm, a spark
wasp (ally target), 2 wolf spiders, a redback, a meliai and a friendly sun demon
(summoned).

Vanquished Creatures
  A frost giant (D)
  3 very ugly things (D)
  A bunyip (D)
  A shambling mangrove (D)
  2 hydras (D)
  2 centaur warriors (D)
  An ogre mage (D)
  A ghost crab (D)
  A death knight (D)
  A boulder beetle (D)
  3 two-headed ogres (D)
  A deep troll shaman (D)
  A skyshark (D)
  3 sea snakes (D)
  2 goliath frogs (D)
  A wizard (D)
  4 orc knights (D)
  An ugly thing (D)
  11 orc sorcerers (D)
  A manticore (D)
  A cyclops (D)
  3 black mambas (D)
  A water nymph (D)
  A cane toad (D)
  A yaktaur (D)
  A rime drake (D)
  A komodo dragon (D)
  A troll (shapeshifter) (D)
  7 polar bears (D)
  A blink frog (D)
  A hornet (D)
  A tyrant leech (D)
  A merfolk (D)
  A snapping turtle (D)
  A wraith (D)
  3 yaks (D)
  A wyvern (D)
  Grum (D)
  A basilisk (D)
  A vampire mosquito (D)
  A water moccasin (D)
  5 orc warriors (D)
  An ice beast (D)
  2 black bears (D)
  An ogre (D)
  4 wolves (D)
  2 centaurs (D)
  A bullfrog (D)
  A killer bee (D)
  An orc priest (D)
  11 orc wizards (D)
  An adder (D)
  6 orcs (D)
  2 goblins (D)
  A bat (D)
  A frilled lizard (D)
  A rat (D)
114 creatures vanquished.

Vanquished Creatures (collateral kills)
  A satyr (D)
  An orc knight (D)
  Maurice (D)
  A yaktaur (D)
  A snapping turtle (D)
  A yak (D)
  3 orc warriors (D)
9 creatures vanquished.

Vanquished Creatures (others)
  An eleionoma (D)
  A goliath frog (D)
  An orc (D)
3 creatures vanquished.

Grand Total: 126 creatures vanquished

Notes
Turn   | Place    | Note
-------+----------+-------------------------------------------
     0 | D        | Jewman the Demonspawn Fighter began the quest for the Orb.
     0 | D        | Reached XP level 1. HP: 18/18 MP: 1/1
    28 | D        | Noticed an orc wizard
    28 | D        | Noticed an ice beast
    28 | D        | Noticed a centaur
    28 | D        | Noticed an ogre
    32 | D        | Killed an orc wizard
    33 | D        | Gained mutation: When seriously injured, your blood forms
                  | armour. (AC +9) [demonic ancestry]
    33 | D        | Reached XP level 2. HP: 25/25 MP: 2/2
    33 | D        | Gained mutation: You have large cloven feet. [demonic
                  | ancestry]
    33 | D        | Reached XP level 3. HP: 30/30 MP: 3/3
    37 | D        | Killed an ice beast
    38 | D        | Reached skill level 5 in Fighting
    38 | D        | Reached skill level 5 in Armour
    38 | D        | Reached skill level 5 in Shields
    38 | D        | Gained mutation: A weak demonic guardian rushes to your
                  | aid. [demonic ancestry]
    38 | D        | Reached XP level 4. HP: 34/40 MP: 4/4
    40 | D        | Killed a centaur
    41 | D        | Reached skill level 5 in Maces & Flails
    41 | D        | Reached XP level 5. HP: 41/47 MP: 5/5
    42 | D        | Killed an ogre
    43 | D        | Gained mutation: You are partially covered in sharp spines.
                  | [demonic ancestry]
    43 | D        | Reached XP level 6. HP: 24/53 MP: 6/6
    48 | D        | Found a snail-covered altar of Cheibriados.
    48 | D        | Found a shadowy altar of Dithmenos.
    48 | D        | Found a blossoming altar of Fedhas.
    48 | D        | Found an opulent altar of Gozag.
    49 | D        | Found a hazy altar of Hepliaklqana.
    50 | D        | Found a viscous altar of Jiyva.
    51 | D        | Found an ancient bone altar of Kikubaaqudgha.
    52 | D        | Became a worshipper of Cheibriados the Contemplative
   158 | D        | Found a corrupted altar of Lugonu.
   159 | D        | Found a burning altar of Makhleb.
   160 | D        | Found a sparkling altar of Nemelex Xobeh.
   161 | D        | Found an iron altar of Okawaru.
   162 | D        | Found a stormy altar of Qazlal.
   163 | D        | Found a sacrificial altar of Ru.
   164 | D        | Found a shimmering blue altar of Sif Muna.
   165 | D        | Found a bloodstained altar of Trog.
   166 | D        | Found a hide-covered altar of Uskayaw.
   167 | D        | Found a radiant altar of Vehumet.
   168 | D        | Found an ornate altar of the Wu Jian Council.
   169 | D        | Found a shimmering altar of Xom.
   170 | D        | Found a basalt altar of Yredelemnul.
   235 | D        | Noticed a two-headed ogre
   235 | D        | Noticed an orc warrior
   235 | D        | Noticed a two-headed ogre
   253 | D        | Killed a two-headed ogre
   254 | D        | Reached skill level 3 in Axes
   254 | D        | Reached skill level 1 in Dodging
   254 | D        | Reached XP level 7. HP: 32/63 MP: 7/7
   259 | D        | Killed a two-headed ogre
   259 | D        | Reached * piety under Cheibriados
   260 | D        | Reached skill level 4 in Axes
   260 | D        | Reached XP level 8. HP: 38/72 MP: 8/8
   260 | D        | Reached ** piety under Cheibriados
   366 | D        | Noticed a cyclops
   366 | D        | Noticed a two-headed ogre
   366 | D        | Noticed a centaur warrior
   371 | D        | Killed a cyclops
   371 | D        | Reached *** piety under Cheibriados
   372 | D        | Reached skill level 10 in Fighting
   372 | D        | Reached skill level 5 in Axes
   372 | D        | Reached skill level 10 in Maces & Flails
   372 | D        | Gained mutation: A demonic guardian rushes to your aid.
                  | [demonic ancestry]
   372 | D        | Reached XP level 9. HP: 78/78 MP: 9/9
   377 | D        | Reached skill level 6 in Axes
   380 | D        | Killed a two-headed ogre
   380 | D        | Reached **** piety under Cheibriados
   381 | D        | Reached skill level 7 in Axes
   387 | D        | Killed a centaur warrior
   388 | D        | Reached skill level 8 in Axes
   656 | D        | Noticed a black mamba
   656 | D        | Noticed a rime drake
   659 | D        | Reached ***** piety under Cheibriados
   662 | D        | Reached skill level 9 in Axes
   664 | D        | Killed a black mamba
   665 | D        | Gained mutation: When seriously injured, your blood forms
                  | thick armour. (AC +9) [demonic ancestry]
   665 | D        | Reached XP level 10. HP: 70/88 MP: 10/10
   668 | D        | Reached skill level 10 in Axes
   674 | D        | Reached ****** piety under Cheibriados
   780 | D        | Noticed a skyshark
   780 | D        | Noticed a cane toad
   780 | D        | Noticed a five-headed hydra
   785 | D        | Killed a skyshark
   785 | D        | Noticed a black mamba
   786 | D        | Reached skill level 11 in Axes
   786 | D        | Reached skill level 5 in Dodging
   789 | D        | Killed a cane toad
   789 | D        | Noticed a black mamba
   807 | D        | Killed a nine-headed hydra
   808 | D        | Reached skill level 12 in Axes
   810 | D        | Killed a black mamba
   813 | D        | Killed a black mamba
   814 | D        | Reached skill level 10 in Armour
   814 | D        | Gained mutation: You are mostly covered in sharp spines.
                  | [demonic ancestry]
   814 | D        | Reached XP level 11. HP: 31/97 MP: 11/11
  1014 | D        | Reached skill level 13 in Axes
  1217 | D        | Noticed an orc knight
  1227 | D        | Killed an orc knight
  1228 | D        | Reached skill level 10 in Shields
  1459 | D        | Noticed an orc knight
  1459 | D        | Noticed an orc knight
  1465 | D        | Reached skill level 14 in Axes
  1470 | D        | Killed an orc knight
  1471 | D        | Noticed an orc knight
  1476 | D        | Killed an orc knight
  1484 | D        | Killed an orc knight
  1484 | D        | Noticed an orc sorcerer
  1490 | D        | Killed an orc sorcerer
  1538 | D        | Found Fesches's Distillery.
  1538 | D        | Noticed an orc sorcerer
  1538 | D        | Noticed an orc sorcerer
  1538 | D        | Noticed an orc sorcerer
  1539 | D        | Noticed an orc sorcerer
  1540 | D        | Killed an orc sorcerer
  1541 | D        | Reached skill level 15 in Axes
  1541 | D        | Found Nynkepaw's Weapon Shoppe.
  1541 | D        | Paralysed by an orc sorcerer for 5 turns
  1546 | D        | Noticed an orc sorcerer
  1550 | D        | Killed an orc sorcerer
  1551 | D        | Noticed an orc sorcerer
  1553 | D        | Killed an orc sorcerer
  1554 | D        | Found Xiugotyso's Magic Scroll Emporium.
  1554 | D        | Noticed an orc sorcerer
  1558 | D        | Killed an orc sorcerer
  1559 | D        | Paralysed by an orc sorcerer for 2 turns
  1560 | D        | Killed an orc sorcerer
  1561 | D        | Found Jol Zuug's Distillery.
  1563 | D        | Killed an orc sorcerer
  1565 | D        | Killed an orc sorcerer
  1574 | D        | Noticed an orc sorcerer
  1575 | D        | Noticed an orc sorcerer
  1575 | D        | Noticed an orc sorcerer
  1577 | D        | Noticed a sixfirhy
  1585 | D        | Killed an orc sorcerer
  1586 | D        | Gained mutation: You are completely covered in sharp
                  | spines. [demonic ancestry]
  1586 | D        | Reached XP level 12. HP: 58/108 MP: 12/12
  1587 | D        | Reached skill level 16 in Axes
  1708 | D        | Bought a potion of mutation for 104 gold pieces
  1711 | D        | Gained mutation: You are agile. (Dex +4, Str/Int -1)
                  | [potion of mutation]
  1761 | D        | Noticed Grum
  1770 | D        | Killed Grum
  1807 | D        | Noticed Maurice
  1839 | D        | Killed Maurice
  2036 | D        | Lost mutation: You are agile. (Dex +4, Str/Int -1) [potion
                  | of mutation]
  2036 | D        | Gained mutation: You have a pair of small antennae on your
                  | head. [potion of mutation]
  2036 | D        | Gained mutation: You possess an exceptional clarity of
                  | mind. [potion of mutation]
  2036 | D        | Gained mutation: You are somewhat resistant to further
                  | mutation. [potion of mutation]
  2052 | D        | Noticed a boulder beetle
  2052 | D        | Noticed an ogre mage
  2055 | D        | Reached skill level 15 in Fighting
  2059 | D        | Noticed a death knight
  2061 | D        | Noticed a centaur warrior
  2079 | D        | Killed a boulder beetle
  2080 | D        | Noticed a purple very ugly thing
  2080 | D        | Noticed a frost giant
  2083 | D        | Killed an ogre mage
  2084 | D        | Noticed a red very ugly thing
  2090 | D        | Noticed a green very ugly thing
  2094 | D        | Killed a purple very ugly thing
  2095 | D        | Reached skill level 17 in Axes
  2103 | D        | Killed a frost giant
  2109 | D        | Killed a white very ugly thing
  2112 | D        | Noticed a deep troll shaman
  2114 | D        | Killed a red very ugly thing
  2116 | D        | Killed a death knight
  2120 | D        | Killed a centaur warrior
  2126 | D        | Killed a deep troll shaman
  2389 | D        | Noticed a satyr
  2398 | D        | Killed a satyr
  2399 | D        | Reached skill level 18 in Axes
  2411 | D        | Reached XP level 13. HP: 89/119 MP: 13/13
  2639 | D        | Noticed an eleionoma
  2639 | D        | Noticed a bunyip
  2643 | D        | Killed an eleionoma
  2647 | D        | Killed a bunyip
  2663 | D        | Reached skill level 10 in Dodging
  2764 | D        | Noticed a spark wasp
  2764 | D        | Noticed an emperor scorpion
  2776 | D        | HP: 6/120 [spark wasp (12)]
  2776 | D        | Mangled by an emperor scorpion

Illustrated notes

Levels and vault maps discovered:
D:        linesprint [early_d, line_temple, items_1, d_10, items_2, lair_1,
          lair_end, items_3, orc_1, orc_end, items_4, d_15, swamp_1, shoals_1,
          snake_1, spider_1, d_20, vaults_1, items_5, swamp_end, shoals_end,
          snake_end, spider_end, vaults_end, d_27, items_6, zot_1, zot_end,
          crypt_end, forest_end, elf_end, slime_end, tomb_end, abyss_end,
          pan_hell_end]

Skill      XL: |  1  2  3  4  5  6  7  8  9 10 11 12 13 |
---------------+----------------------------------------+-----
Armour         | 3 5 6 7 8 9 10 12 13 | 13.5
Shields        | 4 5 6 8 9 10 12 | 12.9
Maces & Flails | 2 4 5 6 8 9 10 | 10.9
Fighting       | 4 5 6 8 9 10 11 12 14 16 17 | 17.2
Axes           | 3 4 5 9 12 15 18 | 18.8
Dodging        | 1 2 4 6 8 9 10 | 10.0

Action                     |  1- 3 |  4- 6 |  7- 9 | 10-12 | 13-15 || total
---------------------------+-------+-------+-------+-------+-------++-------
  Melee: Flail             |    20 |     4 |       |       |       ||    24
         Kick              |     2 |     7 |    22 |    83 |    19 ||   133
         War axe           |       |    13 |    41 |   230 |    52 ||   336
    Use: Potion            |     2 |     3 |     2 |    10 |     1 ||    18
         Scroll            |       |       |     6 |       |     3 ||     9
 Armour: Scale mail        |    10 |     2 |       |       |       ||    12
         Ring mail         |       |     2 |    21 |    65 |       ||    88
         Plate armour      |       |       |       |    25 |    33 ||    58
  Dodge: Dodged            |     2 |    12 |    16 |   128 |    25 ||   183
  Block: Buckler           |     4 |     5 |     7 |    71 |    13 ||   100

Table legend: (Time is in decaauts)
 A = Elapsed time spent in this place.
 B = Non-inter-level travel time spent in this place.
 C = Inter-level travel time spent in this place.
 D = Time resting spent in this place.
 E = Time spent auto-exploring this place.
 F = Levels seen in this place.
 G = Mean time per level.
                   A        B        C        D        E       F      G
               +--------+--------+--------+--------+--------+-----+--------+
         Total |   3633 |   3327 |    306 |    746 |   1483 |   1 | 3633.0 |
       Dungeon |   3633 |   3327 |    306 |    746 |   1483 |   1 | 3633.0 |
               +--------+--------+--------+--------+--------+-----+--------+

Top non-repeatable levels by time:
       D: 3633 daAuts
